 Dungeon Crawl Stone Soup version 0.19.1-1-g22dce08 (webtiles) character file.

5047 theAP the Grappler (level 10, 0/94 HPs)
             Began as a Troll Fighter on Jan 15, 2017.
             Was an Elder of Okawaru.
             Slain by kraktruk's ghost (26 damage)
             ... on level 8 of the Dungeon.
             The game lasted 00:20:35 (6099 turns).

theAP the Grappler (Troll Fighter)                  Turns: 6099, Time: 00:20:35

Health: 0/94       AC:  6    Str: 29      XL:     10   Next: 30%
Magic:  9/9        EV: 11    Int:  3 (4)  God:    Okawaru [****..]
Gold:   0          SH: 10    Dex:  9      Spells: 0 memorised, 9 levels left

rFire  + . .     SeeInvis .       - Unarmed
rCold  x . .     Gourm    +     a - +0 robe
rNeg   . . .     Faith    .     b - +0 shield
rPois  +         Spirit   .     (helmet restricted)
rElec  .         Reflect  .     w - +0 cloak
rCorr  .         Harm     .     (gloves unavailable)
MR     .....     Clarity  +     (boots unavailable)
Stlth  +.........               (no amulet)
                                I - ring of fire
                                q - ring of poison resistance

@: no status effects
A: unfitting armour, claws 3, blurry vision 1, clarity, deterioration 1, fast
metabolism 3, gourmand, regeneration 1, shaggy fur 1, tough skin 2
a: Heroism, Renounce Religion


You were on level 8 of the Dungeon.
You worshipped Okawaru.
Okawaru was greatly pleased with you.
You were completely stuffed.

You visited 2 branches of the dungeon, and saw 9 of its levels.
You also visited: Sewer and Bailey.

Inventory:

Armour
 a - a +0 robe (worn)
 b - a +0 shield (worn)
 w - a +0 cloak (worn)
Jewellery
 j - an uncursed ring of loudness
 l - a cursed ring of loudness
 q - a ring of poison resistance (left claw)
 s - an uncursed ring of magical power
 I - a ring of fire (right claw)
Wands
 k - a wand of slowing (21/48)
 E - a wand of flame (32/48)
Scrolls
 g - 4 scrolls of remove curse
 h - 3 scrolls of enchant weapon
 m - a scroll of magic mapping {unknown}
 o - 2 scrolls of amnesia
 v - 6 scrolls of teleportation
 D - a scroll of fog
 K - a scroll of recharging
Potions
 c - 2 potions of might
 e - a potion of haste
 n - a potion of heal wounds
 r - a potion of berserk rage
 u - 2 potions of agility
 x - 2 potions of brilliance
 A - a potion of invisibility
 B - a potion of flight
 F - a potion of lignification
Books
 z - a book of Maledictions

   Spells                             Type                      Level
   a - Corona                         Hexes                        1
   b - Ensorcelled Hibernation        Hexes/Ice                    2
   c - Confuse                        Hexes                        3
   d - Tukima's Dance                 Hexes                        3
   e - Dazzling Spray                 Conjuration/Hexes            3
 J - a book of Debilitation

   Spells                             Type                      Level
   a - Corona                         Hexes                        1
   b - Slow                           Hexes                        2
   c - Gell's Gravitas                Hexes/Translocation          3
   d - Inner Flame                    Hexes/Fire                   3
   e - Cause Fear                     Hexes                        4
   f - Leda's Liquefaction            Hexes/Earth                  4
Comestibles
 d - 6 bread rations
 f - 3 beef jerkies
 i - 2 slices of pizza
 p - a meat ration
 t - a chunk of flesh
 C - 8 fruits


   Skills:
 + Level 4.5 Fighting
 + Level 6.3 Dodging
 + Level 1.4 Stealth
 + Level 6.6 Shields
 + Level 10.1 Unarmed Combat
 + Level 1.1 Evocations


You had 9 spell levels left.
You didn't know any spells.

Dungeon Overview and Level Annotations

Branches:
Dungeon (8/15)             Temple (1/1) D:4
   Lair: D:8-11

Altars:
Ashenzari
Cheibriados
Dithmenos
Kikubaaqudgha
Okawaru
Qazlal
Trog
Xom
Zin
The Shining One

Shops:
D:4 =

Annotations:
D:8 Maurice; kraktruk's ghost, novice TrMo


Innate Abilities, Weirdness & Mutations

You are too large for most types of armour.
You have claws for hands.
Your metabolism is lightning-fast.
You like to eat raw meat.
Your natural rate of healing is unusually fast.
You are covered in fur. (AC +1)
You have very tough skin. (AC +2)
Scrolls take you a little longer to read.
You possess an exceptional clarity of mind.
Your body sometimes deteriorates upon taking damage.


Message History

Things that are here:
2 arrows; a killer bee corpse x2
You start resting.
You feel sick.
You are no longer poisoned.
Kraktruk's ghost (novice Troll Monk) comes into view.
Kraktruk's ghost turns its malevolent gaze towards you.
Found an encrusted gold wand.
You scratch kraktruk's ghost.
Kraktruk's ghost is lightly damaged.
Kraktruk's ghost hits you!!
* * * LOW HITPOINT WARNING * * *
You are too injured to fight recklessly!
You mangle kraktruk's ghost!!
Kraktruk's ghost is moderately damaged.
Kraktruk's ghost closely misses you.
You barely miss kraktruk's ghost.
Kraktruk's ghost is moderately damaged.
Kraktruk's ghost hits you!!
You die...

....# #.# ....# #.#
....# #.#######.##
....#
######...........
####...((()(.....##
#......###########
#......# #......#
#.....@# #.....W#
#.............
#........#####
######...# #..$#
#...# #...# #../#


You could see kraktruk's ghost.

Vanquished Creatures
  2 orc knights (Bailey)
  2 hippogriffs (D:7)
  Sigmund (D:3)
  The ghost of Squonk the Changer, an amateur SpTm of Yredelemnul (D:5)
  9 orc warriors (Bailey)
  2 phantoms
  2 sky beasts (D:7)
  4 centaurs
  2 ogres
  A crocodile (D:6)
  2 bullfrogs
  A water moccasin zombie (D:6)
  A wyvern zombie (D:8)
  4 scorpions
  3 killer bees (D:8)
  A howler monkey (D:6)
  A quasit (D:5)
  3 hounds
  A jelly (D:7)
  A gnoll shaman (D:6)
  Crazy Yiuf (D:3)
  3 orc priests
  A bullfrog skeleton (D:5)
  A centaur skeleton (D:7)
  4 orc wizards
  Jessica (D:2)
  Terence (D:3)
  Natasha (D:3)
  4 worker ants
  17 gnolls
  2 howler monkey skeletons
  15 adders
  3 river rats
  A shadow imp (D:5)
  2 adder skeletons (D:6)
  An adder zombie (D:7)
  A worm (D:3)
  A dart slug (D:3)
  7 leopard geckos
  37 orcs
  8 giant cockroaches
  9 goblins
  6 hobgoblins
  19 jackals
  7 kobolds
  3 quokkas
  5 ball pythons
  7 bats
  15 frilled lizards
  2 leopard gecko zombies (D:5)
  17 rats
246 creatures vanquished.

Notes
Turn   | Place    | Note
-------+----------+-------------------------------------------
     0 | D:1      | theAP the Troll Fighter began the quest for the Orb.
     0 | D:1      | Reached XP level 1. HP: 22/22 MP: 0/0
   138 | D:1      | Reached XP level 2. HP: 29/29 MP: 1/1
   745 | D:2      | Reached XP level 3. HP: 21/36 MP: 2/2
   900 | D:2      | Reached XP level 4. HP: 35/44 MP: 3/3
  1188 | D:2      | Reached skill level 3 in Unarmed Combat
  1275 | D:2      | Noticed Jessica
  1280 | D:2      | Killed Jessica
  1331 | D:3      | Found a faded altar of an unknown god.
  1354 | D:3      | Reached XP level 5. HP: 34/50 MP: 4/4
  1485 | D:3      | Found a glowing drain.
  1524 | Sewer    | Entered a sewer
  1865 | D:3      | Reached skill level 4 in Unarmed Combat
  1865 | D:3      | Reached XP level 6. HP: 50/59 MP: 5/5
  1901 | D:3      | Noticed Terence
  1911 | D:3      | Killed Terence
  2449 | D:3      | Noticed Natasha
  2450 | D:3      | Noticed Sigmund
  2460 | D:3      | Killed Sigmund
  2463 | D:3      | Killed Natasha
  2463 | D:3      | Reached XP level 7. HP: 62/66 MP: 6/6
  2537 | D:3      | Found a runed door.
  2541 | D:3      | Noticed Crazy Yiuf
  2544 | D:3      | Killed Crazy Yiuf
  2601 | D:4      | Found a staircase to the Ecumenical Temple.
  2619 | D:4      | Reached skill level 5 in Unarmed Combat
  2652 | Temple   | Entered the Ecumenical Temple
  2680 | Temple   | Became a worshipper of Warmaster Okawaru
  2754 | D:4      | Found Aphik's Jewellery Boutique.
  3379 | D:5      | Entered Level 5 of the Dungeon
  3547 | D:5      | Reached skill level 1 in Stealth
  3598 | D:5      | Reached skill level 6 in Unarmed Combat
  3598 | D:5      | Reached XP level 8. HP: 65/75 MP: 7/7
  3629 | D:5      | Noticed Squonk's ghost (amateur SpTm)
  3771 | D:5      | Killed Squonk's ghost
  3787 | D:5      | Reached * piety under Okawaru
  3787 | D:5      | Reached skill level 5 in Shields
  4513 | D:6      | Found a glowing golden altar of the Shining One.
  4563 | D:6      | Reached skill level 5 in Dodging
  4563 | D:6      | Reached skill level 7 in Unarmed Combat
  4816 | D:7      | Noticed a hippogriff
  4823 | D:7      | Killed a hippogriff
  4823 | D:7      | Reached XP level 9. HP: 41/84 MP: 8/8
  4838 | D:7      | Reached ** piety under Okawaru
  4852 | D:7      | Gained mutation: Scrolls take you a little longer to read. [mutagenic meat]
  4853 | D:7      | Gained mutation: Your body sometimes deteriorates upon taking damage. [mutagenic meat]
  4854 | D:7      | Gained mutation: You possess an exceptional clarity of mind. [mutagenic meat]
  4947 | D:7      | Reached skill level 8 in Unarmed Combat
  5120 | D:7      | Found a flagged portal.
  5141 | Bailey   | Entered a bailey
  5141 | Bailey   | Noticed an orc knight
  5142 | Bailey   | Noticed an orc knight
  5149 | Bailey   | Killed an orc knight
  5149 | Bailey   | Reached skill level 9 in Unarmed Combat
  5200 | Bailey   | Killed an orc knight
  5200 | Bailey   | Reached *** piety under Okawaru
  5300 | Bailey   | Reached XP level 10. HP: 65/94 MP: 9/9
  5354 | Bailey   | Reached skill level 1 in Evocations
  5470 | Bailey   | Got a jewelled trident
  5471 | Bailey   | Identified the +10 trident of the Pyrrhic Victory {venom, Str+4} (You found it in a bailey)
  5852 | D:7      | Reached skill level 10 in Unarmed Combat
  5919 | D:8      | Noticed Maurice
  6086 | D:8      | Reached **** piety under Okawaru
  6093 | D:8      | Noticed kraktruk's ghost (novice TrMo)
  6099 | D:8      | Slain by kraktruk's ghost

Skill      XL: |  1  2  3  4  5  6  7  8  9 10 |
---------------+-------------------------------+-----
Dodging        | 3 4 5 6 |  6.3
Shields        | 3 4 5 6 |  6.6
Unarmed Combat | 3 4 6 7 9 10 | 10.1
Fighting       | 3 4 |  4.5
Stealth        | 1 |  1.4
Evocations     | 1 |  1.1

Action                   |  1- 3 |  4- 6 |  7- 9 | 10-12 || total
-------------------------+-------+-------+-------+-------++-------
Melee: Unarmed           |    90 |   256 |   511 |   115 ||   972
Evoke: Wand              |       |       |    11 |    11 ||    22
  Use: Scroll            |       |     9 |     5 |     3 ||    17
       Potion            |       |     1 |     9 |       ||    10
 Stab: Sleeping          |     2 |     2 |     1 |       ||     5
  Eat: Chunk             |    14 |    12 |    30 |    10 ||    66
Armor: Robe              |    22 |    77 |   108 |    15 ||   222
Dodge: Dodged            |    20 |    77 |   165 |    54 ||   316
Block: Shield            |    39 |   100 |   207 |    68 ||   414
